 Dungeon Sprint DCSS version 0.31-a0-18-gea43df2a32 (webtiles) character file.

Game seed: 10646288629769357303

16 sircluck the Covert (level 2, 0/17 (18) HPs)
             Began as a Kobold Brigand on May 9, 2023.
             Was a Follower of Dithmenos.
             Slain by a wight
             ... wielding a +5 trident
              (14 damage)
             ... in the Dungeon (Sprint VII: "The Pits").
             The game lasted 00:00:53 (136 turns).

sircluck the Covert (Kobold Brigand)                 Turns: 136, Time: 00:00:53

HP:   0/17 (18)     AC:  3    Str:  8    XL:     2   Next: 75%
MP:   2/2           EV: 14    Int: 12    God:    Dithmenos [*.....]
Gold: 0             SH:  0    Dex: 16    Spells: 1/1 levels left

rFire   . . .        a - +2 dagger
rCold   . . .        (no shield)
rNeg    . . .        b - +0 robe
rPois   .            (no helmet)
rElec   .            c - +0 cloak
rCorr   .            (no gloves)
SInv    .            (no boots)
Will    .....        (no amulet)
Stlth   ++++++       (no ring)
HPRegen 0.22/turn    (no ring)
MPRegen 0.08/turn

%: no teleportation
@: wreathed by umbra, drained
A: small, no large weapons, nightstalker 3
a: Renounce Religion


You were in the Dungeon.
You worshipped Dithmenos.
Dithmenos was aware of your devotion.
You visited 1 branch

Inventory:

Hand Weapons
 a - a +2 dagger (weapon)
Missiles
 d - 9 poisoned darts (quivered)
 e - 3 curare-tipped darts
 o - 10 stones
Armour
 b - a +0 robe (worn)
 c - a +0 cloak (worn)
Scrolls
 k - a scroll of blinking
 m - 5 scrolls of amnesia
 n - a scroll of butterflies
Potions
 f - a potion of curing
 g - a potion of heal wounds
 h - a potion of haste
 i - 4 potions of magic
 j - 3 potions of berserk rage
 l - 2 potions of invisibility


   Skills:
 + Level 2.5 Fighting
 + Level 3.5 Short Blades
 + Level 2.7 Throwing
 + Level 1.5 Dodging
 + Level 8.0 Stealth


You had one spell level left.
You didn't know any spells.
Your spell library was empty.

Dungeon Overview and Level Annotations

Branches:
Dungeon (1/1)

Altars:
Ashenzari
Cheibriados
Dithmenos
Elyvilon
Fedhas
Gozag
Hepliaklqana
Kikubaaqudgha
Makhleb
Nemelex Xobeh
Okawaru
Qazlal
Ru
Sif Muna
Trog
Uskayaw
Vehumet
Wu Jian
Xom
Yredelemnul
Zin
The Shining One
Jiyva
Lugonu


Innate Abilities, Weirdness & Mutations

You are small and have problems with some larger weapons.
You are completely attuned to the shadows.


Message History

No target in view!
No target in view!
No target in view!
No target in view!
HP restored.
Things that are here:
a +0 whip; an orc corpse You open the door.
A ball python and an ufetubus come into view.
An adder zombie comes into view.
There is an open door here.
The helpless ball python fails to defend itself.
You perforate the ball python like a sieve!!!
You kill the ball python!
Dithmenos accepts your kill.
You are shrouded in an aura of darkness!
Your Stealth skill increases to level 7!
You have reached level 2!
The helpless ufetubus fails to defend itself.
You impale the ufetubus!!
You kill the ufetubus!
Dithmenos accepts your kill.
The helpless adder zombie fails to defend itself.
You impale the adder zombie!!
You destroy the adder zombie!
Dithmenos accepts your kill.
Your Stealth skill increases to level 8!
No target in view!
No target in view!
No target in view!
You open the door.
A wight and a bat zombie come into view.
The wight moves out of view.
There is an open door here. 2 wights and a kobold come into view.
A wight is wielding a +2 antimagic hand axe.
The wight hits you with a +5 trident.
You feel drained.
You barely miss the wight. The wight hits you with a +5 trident!
Ouch! That really hurt!
You die...

.........)'.........
#####'#####......#..
#..#))# #.........
#..'..# ####'#####
#..#### #.......#
#..#zK# #.......#
#..#.z# #.......#
##'#z.#+ #...<...#
#..@.... #.......#
#.....Z. #.......#
######## #.......#
#########


You could see 3 wights, a bat zombie (dormant) and a kobold (asleep).

Vanquished Creatures
  An ufetubus (D)
  An adder zombie (D)
  2 orcs (D)
  A ball python (D)
  A kobold (D)
6 creatures vanquished.

Notes
Turn   | Place    | Note
-------+----------+-------------------------------------------
     0 | D        | sircluck the Kobold Brigand began the quest for the Orb.
     0 | D        | Reached XP level 1. HP: 12/12 MP: 1/1
    35 | D        | Reached skill level 6 in Stealth
    39 | D        | Found a bloodstained altar of Trog.
    39 | D        | Found a shimmering blue altar of Sif Muna.
    39 | D        | Found a viscous altar of Jiyva.
    39 | D        | Found a hazy altar of Hepliaklqana.
    39 | D        | Found an opulent altar of Gozag.
    40 | D        | Found a glowing golden altar of the Shining One.
    40 | D        | Found a glowing silver altar of Zin.
    40 | D        | Found a sacrificial altar of Ru.
    40 | D        | Found a stormy altar of Qazlal.
    40 | D        | Found a blossoming altar of Fedhas.
    44 | D        | Found a white marble altar of Elyvilon.
    44 | D        | Found an iron altar of Okawaru.
    44 | D        | Found a basalt altar of Yredelemnul.
    45 | D        | Found a shadowy altar of Dithmenos.
    45 | D        | Found a sparkling altar of Nemelex Xobeh.
    45 | D        | Found a shimmering altar of Xom.
    46 | D        | Found a snail-covered altar of Cheibriados.
    46 | D        | Found a burning altar of Makhleb.
    46 | D        | Found an ornate altar of the Wu Jian Council.
    47 | D        | Found a corrupted altar of Lugonu.
    47 | D        | Found a radiant altar of Vehumet.
    48 | D        | Found a broken altar of Ashenzari.
    48 | D        | Found an ancient bone altar of Kikubaaqudgha.
    48 | D        | Found a hide-covered altar of Uskayaw.
    56 | D        | Became a worshipper of Dithmenos the Shadowed
   126 | D        | Reached * piety under Dithmenos
   127 | D        | Reached skill level 7 in Stealth
   127 | D        | Reached XP level 2. HP: 18/18 MP: 2/2
   132 | D        | Reached skill level 8 in Stealth
   134 | D        | Noticed a wight
   135 | D        | Noticed a wight
   135 | D        | Noticed a wight
   136 | D        | Slain by a wight

Illustrated notes

Levels and vault maps discovered:
D:        pitsprint [storerooms_1, entrance_room_1, metal_vault_5, armoury_2,
          mini_pit_1, grid_room_1, main_hall_1, silver_pit, the_coven_2,
          the_vestibule_1, steel_vault_1, golden_pit, hallway_of_sentries,
          crystal_vault_6, iron_vault_1, final_vault]

Skill      XL: |  1  2 |
---------------+-------+-----
Stealth        | 7 8 |  8.0
Short Blades   | 3 |  3.5
Fighting       | |  2.5
Throwing       | |  2.7
Dodging        | |  1.5

Action                     || total
---------------------------++-------
  Melee: Dagger            ||    17
   Stab: Sleeping          ||     3
 Armour: Robe              ||     4
  Dodge: Dodged            ||    10

Table legend: (Time is in decaauts)
 A = Elapsed time spent in this place.
 B = Non-inter-level travel time spent in this place.
 C = Inter-level travel time spent in this place.
 D = Time resting spent in this place.
 E = Time spent auto-exploring this place.
 F = Levels seen in this place.
 G = Mean time per level.
                   A        B        C        D        E       F      G
               +--------+--------+--------+--------+--------+-----+--------+
         Total |    133 |    126 |      7 |      0 |     41 |   1 |  133.0 |
       Dungeon |    133 |    126 |      7 |      0 |     41 |   1 |  133.0 |
               +--------+--------+--------+--------+--------+-----+--------+

Top non-repeatable levels by time:
       D: 133 daAuts
